 Dungeon Crawl Stone Soup version 0.27-a0-1191-g601b473118 (webtiles) character file.

Game seed: 11386108864862391285

1054 flotson the Covert (level 8, -2/65 (67) HPs)
             Began as a Gnoll Delver on May 24, 2021.
             Was a Follower of Trog.
             Slain by a hell rat (19 damage)
             ... on level 5 of the Dungeon.
             The game lasted 00:10:36 (7293 turns).

flotson the Covert (Gnoll Delver)                   Turns: 7293, Time: 00:10:37

HP:   -2/65 (67)    AC:  6    Str: 15    XL:     8   Next: 26%
MP:   12/12         EV: 11    Int:  9    God:    Trog [*.....]
Gold: 216           SH:  9    Dex: 19    Spells: 13/13 levels left

rFire    . . .     SeeInvis .   a - +1 short sword (protect)
rCold    + . .     Faith    .   G - +0 kite shield
rNeg     . . .     Spirit   .   h - +0 ring mail
rPois    .         Reflect  .   (no helmet)
rElec    .         Harm     +   y - scarf {harm}
rCorr    .         Rampage  .   (no gloves)
Will     .....                  u - +0 pair of boots
Stlth    ++++......             (no amulet)
HPRegen  0.20/turn              k - +6 ring of dexterity
MPRegen  0.13/turn              i - ring of protection from cold

@: lightly drained
A: fangs 1, strong nose, distributed training
a: Renounce Religion, Berserk


You were on level 5 of the Dungeon.
You worshipped Trog.
Trog was aware of your devotion.
You visited 2 branches of the dungeon, and saw 9 of its levels.

You collected 216 gold pieces.

Inventory:

Hand Weapons
 a - a +1 short sword of protection (weapon)
 b - a +0 hunting sling
Missiles
 m - 2 throwing nets (quivered)
 v - 12 sling bullets
 D - a curare-tipped dart
Armour
 h - a +0 ring mail (worn)
 u - a +0 pair of boots (worn)
 y - a scarf of harm (worn)
 G - a +0 kite shield (worn)
Jewellery
 i - a ring of protection from cold (right hand)
 j - a ring of see invisible
 k - a +6 ring of dexterity (left hand)
 C - a ring of protection from cold
Wands
 g - a wand of digging (3)
 l - a wand of polymorph (15)
 t - a wand of flame (20)
 B - a wand of paralysis (7)
Scrolls
 c - 3 scrolls of fog
 d - a scroll of magic mapping
 e - 2 scrolls of fear
 f - a scroll of noise {unknown}
 o - 3 scrolls of identify {unknown}
 r - a scroll of immolation {unknown}
 w - 2 scrolls of teleportation {unknown}
 E - a scroll of acquirement {unknown}
 J - a scroll of brand weapon {unknown}
Potions
 n - a potion of degeneration {unknown}
 p - 4 potions of brilliance {unknown}
 q - a potion of cancellation {unknown}
 s - a potion of might {unknown}
 x - a potion of ambrosia {unknown}
 A - 3 potions of curing {unknown}
 F - a potion of attraction {unknown}
 H - 2 potions of heal wounds
 I - a potion of berserk rage {unknown}


   Skills:
 + Level 7.3 Fighting
 + Level 3.1 Short Blades
 + Level 3.1 Long Blades
 + Level 3.1 Axes
 + Level 3.1 Maces & Flails
 + Level 5.6 Polearms
 + Level 3.1 Staves
 + Level 3.1 Slings
 + Level 3.1 Bows
 + Level 3.1 Crossbows
 + Level 3.1 Throwing
 + Level 3.1 Armour
 + Level 5.6 Dodging
 + Level 10.0 Stealth
 + Level 3.1 Shields
 + Level 3.1 Unarmed Combat
 + Level 3.1 Spellcasting
 + Level 2.5 Conjurations
 + Level 2.5 Hexes
 + Level 2.5 Summonings
 + Level 2.5 Necromancy
 + Level 2.5 Translocations
 + Level 2.5 Transmutations
 + Level 2.5 Fire Magic
 + Level 2.5 Ice Magic
 + Level 2.5 Air Magic
 + Level 2.5 Earth Magic
 + Level 2.5 Poison Magic
 + Level 3.4 Invocations
 + Level 3.1 Evocations


You had 13 spell levels left.
You didn't know any spells.
Your spell library contained the following spells:

 Spells                   Type           Power      Damage    Failure   Level
 Animate Skeleton         Necr           10%        N/A       67%         1
 Pain                     Necr           20%        1d5       67%         1
 Vampiric Draining        Necr           2%         2d6       96%         3
 Animate Dead             Necr           2%         N/A       100%        4
 Agony                    Necr           5%         N/A       100%        5


Dungeon Overview and Level Annotations

Branches:
Dungeon (8/15)             Temple (1/1) D:4            Lair (0/6) D:8

Altars:
Ashenzari
Cheibriados
Dithmenos
Gozag
Hepliaklqana
Kikubaaqudgha
Makhleb
Okawaru
Qazlal
Ru
Sif Muna
Trog
Vehumet
Wu Jian
Xom
Yredelemnul
Zin


Innate Abilities, Weirdness & Mutations

You have very sharp teeth.
Your uncanny sense of smell can sniff out nearby items.
Your experience applies equally to all skills.


Message History

The hell rat closely misses you.
You barely miss the hell rat.
The hell rat is almost dead.
The hell rat bites you!
You feel drained. You block the river rat's attack.
The river rat bites you but does no damage.
You block the hell rat's attack.
You hit the hell rat but do no damage.
You bite the hell rat, but do no damage.
The hell rat is almost dead.
The river rat barely misses you. You block the river rat's attack.
The hell rat barely misses you. You block the rat's attack.
You block the river rat's attack.
The river rat bites you but does no damage.
You closely miss the hell rat.
The hell rat is almost dead.
The hell rat bites you! You block the rat's attack.
The river rat closely misses you. The river rat barely misses you.
You block the hell rat's attack.
You see here a river rat corpse.
The hell rat bites you.
You see here a rat corpse.
You are too injured to fight recklessly!
You are too injured to fight recklessly!
You are too injured to fight recklessly!
You are too injured to fight recklessly!
You are too injured to fight recklessly!
You are too injured to fight recklessly!
You are too injured to fight recklessly!
You are too injured to fight recklessly!
You hit the hell rat.
Your weapon exudes an aura of protection.
You bite the hell rat, but do no damage.
The hell rat is almost dead.
The hell rat bites you!
* * * LOW HITPOINT WARNING * * *
The river rat twitches its whiskers.
You block the hell rat's attack. The hell rat closely misses you.
The hell rat bites you!
You die...

#.# #....# #r#.## #.#
#....###.##r## #.#
#######r####.#
###'###### ##r###
#r## .........#
#.##[. ##r#
.........#
##.#...###.#
.........#
#.##....#..#
..)).....#
##r#..rr#..#
.........# #@##
#.r#†.# )........#
#.# #.r#.# .........#
#†##....#..#
.........#
##.##.....##
.........#
#.###.#.#.#####
.........#
##.#####.###..#
.........#
#.###.###..#.#
.....#####
#.##.#.#...#.# .....#
#########.#.##.####.#


You could see a hell rat.

Vanquished Creatures
  2 ogres
  A kobold brigand (D:4)
  2 scorpions
  A water moccasin skeleton (D:5)
  A hound (D:5)
  3 jellies
  Natasha (thrice) (D:1)
  3 iguanas
  3 orc wizards (D:5)
  7 gnolls
  11 adders
  2 river rats (D:5)
  2 adder skeletons (D:4)
  2 worms (D:3)
  3 dart slugs
  11 orcs
  4 bats
  7 endoplasms
  4 giant cockroaches
  4 hobgoblins
  9 jackals
  4 quokkas
  8 ball pythons
  5 frilled lizards
  5 goblins
  15 kobolds
  18 rats
140 creatures vanquished.

Notes
Turn   | Place    | Note
-------+----------+-------------------------------------------
     0 | D:5      | Reached skill level 9 in Stealth
     0 | D:5      | flotson the Gnoll Delver began the quest for the Orb.
     0 | D:5      | Reached XP level 1. HP: 23/23 MP: 1/1
     3 | D:5      | Noticed a scorpion
    67 | D:5      | Reached XP level 2. HP: 27/29 MP: 2/2
   118 | D:5      | Noticed a scorpion
   296 | D:4      | Reached XP level 3. HP: 31/35 MP: 3/3
   344 | D:4      | Reached skill level 1 in Short Blades
   344 | D:4      | Reached skill level 1 in Long Blades
   344 | D:4      | Reached skill level 1 in Axes
   344 | D:4      | Reached skill level 1 in Maces & Flails
   344 | D:4      | Reached skill level 1 in Staves
   344 | D:4      | Reached skill level 1 in Slings
   344 | D:4      | Reached skill level 1 in Bows
   344 | D:4      | Reached skill level 1 in Crossbows
   344 | D:4      | Reached skill level 1 in Throwing
   344 | D:4      | Reached skill level 1 in Armour
   344 | D:4      | Reached skill level 1 in Shields
   344 | D:4      | Reached skill level 1 in Unarmed Combat
   344 | D:4      | Reached skill level 1 in Spellcasting
   344 | D:4      | Reached skill level 1 in Invocations
   344 | D:4      | Reached skill level 1 in Evocations
   438 | D:3      | Reached XP level 4. HP: 37/41 MP: 5/5
   663 | D:3      | Reached skill level 1 in Conjurations
   663 | D:3      | Reached skill level 1 in Hexes
   663 | D:3      | Reached skill level 1 in Summonings
   663 | D:3      | Reached skill level 1 in Necromancy
   663 | D:3      | Reached skill level 1 in Translocations
   663 | D:3      | Reached skill level 1 in Transmutations
   663 | D:3      | Reached skill level 1 in Fire Magic
   663 | D:3      | Reached skill level 1 in Ice Magic
   663 | D:3      | Reached skill level 1 in Air Magic
   663 | D:3      | Reached skill level 1 in Earth Magic
   663 | D:3      | Reached skill level 1 in Poison Magic
   833 | D:2      | Noticed Natasha
  1091 | D:1      | Killed Natasha
  1092 | D:1      | Reached XP level 5. HP: 28/47 MP: 5/7
  1915 | D:1      | Noticed Natasha
  1921 | D:1      | Killed Natasha
  2442 | D:1      | Noticed Natasha
  2443 | D:1      | Killed Natasha
  2697 | D:2      | Reached XP level 6. HP: 36/53 MP: 8/8
  3033 | D:2      | Found a faded altar of an unknown god.
  3392 | D:3      | Found a sacrificial altar of Ru.
  3712 | D:3      | Reached skill level 5 in Polearms
  3712 | D:3      | Reached skill level 5 in Dodging
  4200 | D:4      | Found a staircase to the Ecumenical Temple.
  4209 | Temple   | Entered the Ecumenical Temple
  4443 | Temple   | Became a worshipper of Trog the Wrathful
  4621 | Temple   | Reached XP level 7. HP: 13/59 MP: 10/10
  5361 | D:4      | Found a shimmering altar of Xom.
  5538 | D:5      | You fall into a shaft and drop 3 floors!
  5540 | D:8      | Noticed a death yak
  5541 | D:8      | Found a staircase to the Lair.
  5541 | D:8      | Noticed a death yak
  5542 | D:8      | Noticed a yak
  5542 | D:8      | Noticed a yak
  5762 | D:5      | Found an iron altar of Okawaru.
  5775 | D:5      | Found a broken altar of Ashenzari.
  6105 | D:5      | Reached skill level 10 in Stealth
  6584 | D:4      | Reached XP level 8. HP: 23/67 MP: 12/12
  6889 | D:5      | Reached * piety under Trog
  7262 | D:5      | Found the +2 ratskin cloak {*Rats rPois rN+ Str-1 Int-1
                  | Dex+1}
  7293 | D:5      | Slain by a hell rat

Illustrated notes

Levels and vault maps discovered:
D:1:      kennysheep_arrival_forest, layout_basic, hex_tiny,
          roderic_serpentine_path
D:2:      layout_basic, shapermc_ecumenical_altar_starsandcircs, uniq_natasha
D:3:      layout_basic, general_overflow_altar
D:4:      layout_basic, kennysheep_mini, minmay_temple_entry_mist
D:5:      wander_guarded_unrand_ratskin, layout_basic,
          amethyst_overflow_temple_binary
D:6:      layout_basic, lemuel_coloured_pillars_altar,
          overflow_temple_1_default, uniq_duvessa
D:7:      layout_loops_ring
D:8:      layout_loops_ring, nicolae_overflow_crystal_walls,
          nemelex_spade_bored_becter, dpeg_lair_monsters
Temple:   nicolae_temple_figure_eight

Skill      XL: |  1  2  3  4  5  6  7  8 |
---------------+-------------------------+-----
Stealth        | 10 | 10.0
Short Blades   | 1 2 3 |  3.1
Long Blades    | 1 2 3 |  3.1
Axes           | 1 2 3 |  3.1
Maces & Flails | 1 2 3 |  3.1
Staves         | 1 2 3 |  3.1
Slings         | 1 2 3 |  3.1
Bows           | 1 2 3 |  3.1
Crossbows      | 1 2 3 |  3.1
Throwing       | 1 2 3 |  3.1
Armour         | 1 2 3 |  3.1
Shields        | 1 2 3 |  3.1
Unarmed Combat | 1 2 3 |  3.1
Spellcasting   | 1 2 3 |  3.1
Invocations    | 1 2 3 |  3.4
Evocations     | 1 2 3 |  3.1
Conjurations   | 1 2 |  2.5
Hexes          | 1 2 |  2.5
Summonings     | 1 2 |  2.5
Necromancy     | 1 2 |  2.5
Translocations | 1 2 |  2.5
Transmutations | 1 2 |  2.5
Fire Magic     | 1 2 |  2.5
Ice Magic      | 1 2 |  2.5
Air Magic      | 1 2 |  2.5
Earth Magic    | 1 2 |  2.5
Poison Magic   | 1 2 |  2.5
Polearms       | 5 |  5.6
Dodging        | 5 |  5.6
Fighting       | 7 |  7.3

Action                   |  1- 3 |  4- 6 |  7- 9 || total
-------------------------+-------+-------+-------++-------
Melee: Spear             |    17 |       |       ||    17
       Trident           |    16 |    21 |       ||    37
       Bite              |     1 |    38 |    30 ||    69
       Dagger            |       |   278 |   140 ||   418
       Punch             |       |     2 |       ||     2
       Short sword       |       |       |    84 ||    84
 Fire: Hunting sling     |       |     3 |    10 ||    13
Evoke: Wand              |       |     1 |     1 ||     2
  Use: Potion            |     1 |       |     1 ||     2
       Scroll            |       |     1 |     1 ||     2
 Stab: Sleeping          |     6 |    21 |    11 ||    38
       Distracted        |       |     3 |     1 ||     4
       Paralysed         |       |     1 |     1 ||     2
Armor: Ring mail         |     2 |    92 |    64 ||   158
       Leather armour    |     1 |       |       ||     1
Dodge: Dodged            |    17 |   215 |   103 ||   335
Block: Kite shield       |       |       |   135 ||   135

Table legend: (Time is in decaauts)
 A = Elapsed time spent in this place.
 B = Non-inter-level travel time spent in this place.
 C = Inter-level travel time spent in this place.
 D = Time resting spent in this place.
 E = Time spent auto-exploring this place.
 F = Levels seen in this place.
 G = Mean time per level.
                   A        B        C        D        E       F      G
               +--------+--------+--------+--------+--------+-----+--------+
         Total |   7312 |   7134 |    178 |    498 |   5245 |   9 |  812.4 |
       Dungeon |   6671 |   6550 |    121 |    399 |   4801 |   8 |  833.9 |
        Temple |    640 |    583 |     57 |     99 |    444 |   1 |  640.0 |
               +--------+--------+--------+--------+--------+-----+--------+

Top non-repeatable levels by time:
     D:4: 1599 daAuts
     D:1: 1539 daAuts
     D:5: 1475 daAuts
     D:2: 982 daAuts
     D:3: 902 daAuts
  Temple: 640 daAuts
     D:7: 144 daAuts
     D:6: 16 daAuts
     D:8: 10 daAuts
